 Dungeon Crawl Stone Soup version 0.31.0-11-ge490571c62 (webtiles) character file.

Game seed: 12169376906487233129

2595 Gadfly the Insei (level 9, -2/69 HPs)
             Began as a Demonspawn Monk on Feb 3, 2024.
             Was an Initiate of Ru.
             Slain by a troll (15 damage)
             ... on level 7 of the Dungeon.
             The game lasted 00:08:23 (5562 turns).

Gadfly the Insei (Demonspawn Monk)                  Turns: 5562, Time: 00:08:24

Health: -2/69      AC:  5    Str: 15    XL:     9   Next: 33%
Magic:  9/9        EV: 15    Int: 11    God:    Ru [......]
Gold:   398        SH:  5    Dex: 16    Spells: 8/8 levels left

rFire   . . .        b - +4 whip (venom)
rCold   . . .        (no shield)
rNeg    . . .        a - +1 robe
rPois   .            (helmet currently unavailable)
rElec   .            (cloak currently unavailable)
rCorr   .            (gloves currently unavailable)
SInv    .            (boots currently unavailable)
Will    .....        d - amulet of reflection
Stlth   +            e - +4 ring of slaying
HPRegen 0.31/turn    m - +4 ring of slaying
MPRegen 0.11/turn

%: reflection
@: beast-form
A: beast (slay +3), icy blue scales 1, powered by death 1, demonic magic 2,
demonic touch 1
a: Begin Untransformation, Renounce Religion


You were on level 7 of the Dungeon.
You worshipped Ru.
Ru was noncommittal.
You were a hulking beast.
You visited 2 branches of the dungeon, and saw 8 of its levels.

You collected 1182 gold pieces.
You spent 784 gold pieces at shops.

Inventory:

Hand Weapons
 b - a +4 whip of venom (weapon)
 f - a +1 falchion of electrocution
 s - the +4 long sword "Ygiarol" {drain, rN+ Int+4}
   (You found it on level 6 of the Dungeon)

   Int+4:     It affects your intelligence (+4).
   rN+:       It protects you from negative energy.
Armour
 a - a +1 robe (worn)
 c - an orb of light
Jewellery
 d - an amulet of reflection (around neck)
 e - a +4 ring of slaying (left hand)
 g - a ring of poison resistance
 m - a +4 ring of slaying (right hand)
Talismans
 t - a beast talisman (active)
Wands
 l - a wand of iceblast (3)
 r - a wand of paralysis (6) (quivered)
 u - a wand of flame (32)
Scrolls
 h - a scroll of blinking
 p - a scroll of enchant armour
Potions
 i - 2 potions of ambrosia
 j - a potion of curing
 k - a potion of lignification {unknown}
 q - a potion of enlightenment


   Skills:
 + Level 6.1 Fighting
 + Level 6.4 Dodging
 + Level 7.9 Unarmed Combat
 + Level 6.4 Evocations
 * Level 6.6 Shapeshifting


You had 8 spell levels left.
You didn't know any spells.
Your spell library contained the following spells:

 Spells                   Type           Power      Damage    Failure   Level
 Ignite Poison            Fire/Alch      0%         N/A       98%         4
 Sticky Flame             Fire/Alch      0%         2d4       98%         4
 Ignition                 Fire           0%         3d3       100%        8


Dungeon Overview and Level Annotations

Branches:
Dungeon (7/15)             Temple (1/1) D:6

Altars:
Ashenzari
Cheibriados
Dithmenos
Fedhas
Gozag
Hepliaklqana
Kikubaaqudgha
Makhleb
Nemelex Xobeh
Okawaru
Qazlal
Ru
Sif Muna
Uskayaw
Vehumet
Wu Jian
Xom
Yredelemnul

Shops:
D:1 =   D:5 !   D:7 (


Innate Abilities, Weirdness & Mutations

You are a hulking beast.
Your limbs bulge with bestial killing power. (Slay +3)
You are partially covered in icy blue scales. (AC +2)
You regenerate a little health from kills.
Spells you cast may paralyse nearby enemies.
Your touch may inflict minor irresistible damage on your foes.


Message History

The slime creature attacks as it pursues you!
The slime creature hits you but does no damage.
The slime creature attacks as it pursues you!
The slime creature hits you!
* * * LOW HITPOINT WARNING * * *
Okay, then.
You feel much better. The slime creature misses you.
The slime creature attacks as it pursues you!
The slime creature barely misses you. The slime creature hits you!
The gnoll sergeant hits you with a +0 long sword of protection!
* * * LOW HITPOINT WARNING * * *
The boulder beetle curls into a ball and begins rolling!
Okay, then.
You block the troll's attack. The troll claws you.
* * * LOW HITPOINT WARNING * * *
The troll claws you.
* * * LOW HITPOINT WARNING * * *
The boulder beetle barely misses you.
The boulder beetle stops rolling and uncurls.
The troll attacks as it pursues you! The troll misses you.
The troll claws you but does no damage. The troll claws you.
* * * LOW HITPOINT WARNING * * *
The boulder beetle waves its antennae.
The boulder beetle curls into a ball and begins rolling!
You feel much better. The two-headed ogre misses you.
The two-headed ogre hits you with a +0 giant spiked club!
The troll closely misses you. The troll barely misses you.
The troll claws you but does no damage. The boulder beetle hits you!
* * * LOW HITPOINT WARNING * * *
The boulder beetle stops rolling and uncurls.
The troll attacks as it pursues you! You block the troll's attack.
The troll claws you but does no damage. The troll barely misses you.
The boulder beetle curls into a ball and begins rolling!
The slime creature attacks as it pursues you!
The slime creature misses you.
The boulder beetle stops rolling and uncurls.
The troll attacks as it pursues you! The troll bites you!
You die...

#......#...
#....[...##
#..........
#......#.##
#......#...
#.....T.##. ♣♣
#.......### ♣.♣♣
#.###...# ♣♣h♣♣ #[#
#...# ♣.T.♣♣ #.#
#...# ♣.Jg.♣ #.#
#.(.# #.BO.# #.#
#..###
#....####.######⌠##
##....#..°..###...#
#.....#°°...##_.#..
#...........###...#
#...........# ##⌠##


You could see a boulder beetle, a slime creature, a two-headed ogre, a troll and
a gnoll sergeant.

Vanquished Creatures
  A two-headed ogre (D:6)
  Eustachio (D:5)
  Menkaure (D:5)
  A black bear (D:6)
  An ogre (D:6)
  An ice beast (D:7)
  A centaur (D:6)
  A kobold brigand (D:7)
  A phantom (D:6)
  2 bullfrogs
  4 jellies
  4 orc priests
  2 hounds (D:6)
  Jessica (D:2)
  2 sleepcaps
  10 orc wizards
  8 adders
  3 white imps
  An ufetubus (D:7)
  2 ribbon worms
  24 orcs
  5 endoplasms
  A giant cockroach (D:2)
  10 goblins
  A hobgoblin (D:3)
  5 jackals (D:2)
  3 quokkas
  8 ball pythons
  3 bats
  2 frilled lizards (D:3)
  14 kobolds
  5 rats
129 creatures vanquished.

Notes
Turn   | Place    | Note
-------+----------+-------------------------------------------
     0 | D:1      | Gadfly the Demonspawn Monk began the quest for the Orb.
     0 | D:1      | Reached XP level 1. HP: 18/18 MP: 1/1
   260 | D:1      | Found a faded altar of an unknown god.
   463 | D:1      | Found Deiwk's Jewellery Shoppe.
   753 | D:1      | Identified a scroll of acquirement
   753 | D:1      | Acquired 741 gold pieces
   808 | D:2      | Gained mutation: Your touch may inflict minor irresistible
                  | damage on your foes. [demonic ancestry]
   808 | D:2      | Reached XP level 2. HP: 21/24 MP: 2/2
   913 | D:2      | Reached skill level 1 in Evocations
  1002 | D:2      | Reached skill level 3 in Unarmed Combat
  1267 | D:2      | Reached XP level 3. HP: 24/29 MP: 3/3
  1267 | D:2      | Noticed Jessica
  1269 | D:2      | Reached skill level 1 in Shapeshifting
  1271 | D:2      | Killed Jessica
  1279 | D:2      | Gained mutation: You are partially covered in icy blue
                  | scales. (AC +2) [demonic ancestry]
  1279 | D:2      | Reached XP level 4. HP: 27/35 MP: 4/4
  1834 | D:3      | Found a sparkling altar of Nemelex Xobeh.
  1904 | D:3      | Reached XP level 5. HP: 34/41 MP: 5/5
  2994 | D:5      | Entered Level 5 of the Dungeon
  3002 | D:5      | Noticed Eustachio
  3012 | D:5      | Killed Eustachio
  3013 | D:5      | Reached skill level 4 in Unarmed Combat
  3013 | D:5      | Gained mutation: Spells you cast may paralyse adjacent
                  | enemies. [demonic ancestry]
  3013 | D:5      | Reached XP level 6. HP: 23/47 MP: 6/6
  3109 | D:5      | Found Xienath's Distillery.
  3121 | D:5      | Bought a potion of experience for 700 gold pieces
  3121 | D:5      | Bought a potion of degeneration for 14 gold pieces
  3121 | D:5      | Bought a potion of heal wounds for 70 gold pieces
  3123 | D:5      | Reached skill level 5 in Fighting
  3123 | D:5      | Reached skill level 5 in Dodging
  3123 | D:5      | Reached skill level 7 in Unarmed Combat
  3123 | D:5      | Reached skill level 5 in Evocations
  3123 | D:5      | Reached XP level 7. HP: 56/56 MP: 7/7
  3160 | D:5      | Noticed Menkaure
  3168 | D:5      | Killed Menkaure
  3889 | D:6      | Gained mutation: You regenerate a little health from kills.
                  | [demonic ancestry]
  3889 | D:6      | Reached XP level 8. HP: 51/64 MP: 8/8
  4226 | D:6      | Identified the +4 long sword "Ygiarol" {drain, rN+ Int+4}
  4252 | D:6      | Noticed a two-headed ogre
  4281 | D:6      | Killed a two-headed ogre
  4433 | D:6      | Gained mutation: Spells you cast may paralyse nearby
                  | enemies. [demonic ancestry]
  4433 | D:6      | Reached XP level 9. HP: 69/69 MP: 9/9
  4556 | D:6      | Found a basalt altar of Yredelemnul.
  4860 | D:6      | Found a staircase to the Ecumenical Temple.
  5020 | Temple   | Entered the Ecumenical Temple
  5033 | Temple   | Became a worshipper of Ru the Awakened
  5137 | D:7      | Found Saiwudao's Antique Weapon Shop.
  5385 | D:7      | Found a radiant altar of Vehumet.
  5509 | D:7      | Noticed a kobold demonologist
  5509 | D:7      | Noticed a troll
  5509 | D:7      | Noticed a two-headed ogre
  5510 | D:7      | Noticed a boulder beetle
  5562 | D:7      | Slain by a troll

Illustrated notes

Levels and vault maps discovered:
D:1:      nicolae_arrival_escape_room, layout_loops_ring, serial_shops, shop,
          shapermc_ecumenical_altar_gd, grunt_decor_arrowhead,
          chequers_serial_rivers_marsh
D:2:      layout_rooms, uniq_jessica
D:3:      layout_loops_cross, mainiacjoe_overflow_surrounded_room,
          tso_metal_star
D:4:      layout_loops_ring
D:5:      layout_basic, serial_shops, nicolae_shop_advertising_works
          [nicolae_subvault_shop_adworks], uniq_eustachio, uniq_menkaure
D:6:      layout_basic, mainiacjoe_overflow_alcove_4, temple_statues
D:7:      minmay_the_grid_triangle_9x9_recursive_2
          [minmay_the_grid_triangle_9x9_prize_center,
          minmay_the_grid_triangle_9x9_from_above,
          minmay_the_grid_triangle_9x9_wacky_v,
          minmay_the_grid_triangle_9x9_flanged_cone], layout_basic,
          amethyst_overflow_temple_binary, serial_shops, shop, shop,
          st_stairs_4, uniq_crazy_yiuf_cottage
Temple:   eino_temple_scatter_basement

Skill      XL: |  1  2  3  4  5  6  7  8  9 |
---------------+----------------------------+-----
Evocations     | 1 2 3 5 6 |  6.4
Unarmed Combat | 3 4 7 |  7.9
Dodging        | 3 5 6 |  6.4
Shapeshifting  | 1 2 6 |  6.6
Fighting       | 5 6 |  6.1

Action                     |  1- 3 |  4- 6 |  7- 9 || total
---------------------------+-------+-------+-------++-------
  Melee: Falchion          |    56 |    17 |       ||    73
         Unarmed           |     9 |       |     7 ||    16
         Whip              |       |    75 |   119 ||   194
         Touch             |       |     7 |    20 ||    27
         Punch             |       |     1 |     7 ||     8
 Invoke: Reject Sacrifices |       |       |     1 ||     1
  Evoke: Wand              |       |       |     1 ||     1
    Use: Scroll            |     8 |     2 |     3 ||    13
         Potion            |     1 |     1 |     2 ||     4
   Stab: Sleeping          |       |       |     1 ||     1
         Paralysed         |       |       |     2 ||     2
 Armour: Robe              |    34 |    35 |    91 ||   160
  Dodge: Dodged            |    45 |    41 |    83 ||   169
  Block: Other             |       |    11 |    26 ||    37
         Reflection        |       |       |     4 ||     4
   Form: Beast             |       |       |     1 ||     1
